 Dungeon Crawl Stone Soup version 0.31.0-12-g77e489cdc1 (webtiles) character file.

Game seed: 2181742159822581137

484 Peloso the Slasher (level 6, -1/53 HPs)
             Began as a Minotaur Fighter on Mar 2, 2024.
             Slain by Pikel
             ... wielding a +1 whip of freezing
              (9 damage)
             ... on level 5 of the Dungeon.
             The game lasted 00:06:51 (3477 turns).

Peloso the Slasher (Minotaur Fighter)               Turns: 3477, Time: 00:06:52

Health: -1/53      AC:  8    Str: 20    XL:     6   Next: 88%
Magic:  5/5        EV:  9    Int:  5    God:
Gold:   16         SH:  5    Dex: 12    Spells: 5/5 levels left

rFire   . . .        a - +0 long sword
rCold   . . .        d - +0 buckler
rNeg    . . .        b - +0 scale mail
rPois   .            c - +1 hat
rElec   .            (no cloak)
rCorr   .            (no gloves)
SInv    .            (no boots)
Will    .....        (no amulet) Stlth
                     (no ring)
HPRegen 0.28/turn    (no ring)
MPRegen 0.09/turn

%: no passive effects
@: no status effects
A: horns 2, retaliatory headbutt
a: no special abilities


You were on level 5 of the Dungeon.
You visited 1 branch of the dungeon, and saw 5 of its levels.

You collected 104 gold pieces.
You spent 88 gold pieces at shops.

Inventory:

Hand Weapons
 a - a +0 long sword (weapon)
Armour
 b - a +0 scale mail (worn)
 c - a +1 hat (worn)
 d - a +0 buckler (worn)
Wands
 p - a wand of mindburst (1)
Scrolls
 e - 2 scrolls of vulnerability {unknown}
 g - a scroll of enchant weapon {unknown}
 i - 2 scrolls of fear {unknown}
 j - 3 scrolls of teleportation {unknown}
 l - a scroll of brand weapon {unknown}
 m - a scroll of identify {unknown}
 n - a scroll of noise {unknown}
 r - a scroll of poison {unknown}
Potions
 f - 2 potions of curing
 h - a potion of cancellation {unknown}
 k - a potion of heal wounds {unknown}
 o - a potion of might
 q - a potion of mutation
 s - 2 potions of haste {unknown}
 t - a potion of attraction {unknown}


   Skills:
 + Level 4.5 Fighting
 + Level 6.4 Long Blades
 + Level 5.7 Armour
 + Level 1.0 Dodging
 + Level 0.3 Stealth
 + Level 4.6 Shields


You had 5 spell levels left.
You didn't know any spells.
Your spell library contained the following spells:

 Spells                   Type           Power      Damage    Failure   Level
 Jinxbite                 Hex            0%         N/A       95%         2
 Summon Ice Beast         Ice/Summ       0%         N/A       99%         3
 Brom's Barrelling Bould  Conj/Erth      0%         2d3       100%        4
 Fireball                 Conj/Fire      0%         3d3       100%        5
 Iskenderun's Battlesphe  Conj           0%         2d6       100%        5
 Summon Mana Viper        Hex/Summ       0%         N/A       100%        5
 Yara's Violent Unravell  Hex/Alch       0%         3d3       100%        5
 Conjure Ball Lightning   Conj/Air       0%         3x3d6     100%        6
 Enfeeble                 Hex            0%         N/A       100%        7
 Monstrous Menagerie      Summ           0%         N/A       100%        7
 Orb of Destruction       Conj           0%         9d5       100%        7


Dungeon Overview and Level Annotations

Branches:
Dungeon (5/15)
 Temple: D:4-7

Altars:

Shops:
D:1 !   D:2 *:=!   D:3 =

Annotations:
D:2 1 runed translucent door, Crazy Yiuf
D:4 Sigmund
D:5 Pikel


Innate Abilities, Weirdness & Mutations

You have a pair of horns on your head.
You reflexively headbutt those who attack you in melee.


Message History

Aiming: Mindburst
Press: ? - help, Shift-Dir - straight line, f/p - Pikel
Aim: Pikel, wielding a +1 whip of freezing and wearing a +0 robe (moderately wounded, chance to affect: 64%) Pikel struggles to resist.
You hear a shout!
Pikel hits you with a +1 whip of freezing.
* * * LOW HITPOINT WARNING * * *
Pikel freezes you.
* * * LOW HITPOINT WARNING * * *
It was a potion of curing.
You feel better. Pikel hits you but does no damage.
You barely miss Pikel. You headbutt Pikel.
Pikel is moderately wounded.
Pikel hits you with a +1 whip of freezing.
* * * LOW HITPOINT WARNING * * *
Pikel freezes you.
* * * LOW HITPOINT WARNING * * *
Pikel waves his whip at you. Pikel barely misses you.
A lemure comes into view. x2
You closely miss Pikel. You headbutt Pikel, but do no damage.
Pikel is moderately wounded.
Pikel hits you with a +1 whip of freezing.
* * * LOW HITPOINT WARNING * * *
Pikel freezes you.
* * * LOW HITPOINT WARNING * * *
Unknown command.
Aiming: Mindburst
Press: ? - help, Shift-Dir - straight line, f/p - Pikel
Aim: Pikel, wielding a +1 whip of freezing and wearing a +0 robe (moderately wounded, chance to affect: 64%) Pikel's mind is blasted.
You hear a shout!
Pikel barely misses you. You furiously retaliate!
You headbutt Pikel!
A lemure comes into view.
Aiming: Mindburst
Press: ? - help, Shift-Dir - straight line, f/p - Pikel
Aim: Pikel, wielding a +1 whip of freezing and wearing a +0 robe (severely wounded, chance to affect: 64%) Pikel struggles to resist.
Pikel hits you with a +1 whip of freezing!
You die...
Pikel says, "See you in Hell!"

### #<#
#.# #.#
#.#
####.###
#......#
#)##.#.#
#.##.#@#
#....#K#
######5#
55# .5..
.#### #.
#


You could see Pikel and 4 lemures.

Vanquished Creatures
  Grinder (D:4)
  An ogre (D:5)
  A sleepcap (D:5)
  An orc wizard (D:3)
  6 adders
  3 dart slugs
  2 ribbon worms (D:2)
  9 orcs
  13 bats
  5 endoplasms
  3 giant cockroaches
  5 goblins
  7 hobgoblins
  7 jackals
  2 kobolds
  4 quokkas
  7 ball pythons
  2 frilled lizards
  5 rats
84 creatures vanquished.

Notes
Turn   | Place    | Note
-------+----------+-------------------------------------------
     0 | D:1      | Peloso the Minotaur Fighter began the quest for the Orb.
     0 | D:1      | Reached XP level 1. HP: 19/19 MP: 0/0
   213 | D:1      | Reached XP level 2. HP: 27/27 MP: 1/1
   263 | D:1      | Reached skill level 3 in Long Blades
   297 | D:1      | Found Hosomici's Distillery.
   345 | D:1      | Reached XP level 3. HP: 33/33 MP: 2/2
   813 | D:2      | Found Ulesiuke's Assorted Antiques.
   856 | D:2      | You fall into a shaft and drop 2 floors!
   871 | D:4      | Noticed Grinder
   883 | D:4      | Paralysed by Grinder for 4 turns
   902 | D:4      | Killed Grinder
   903 | D:4      | Reached skill level 5 in Long Blades
   903 | D:4      | Reached XP level 4. HP: 7/41 MP: 3/3
   903 | D:4      | Reached XP level 5. HP: 8/47 MP: 4/4
  1223 | D:4      | Noticed Sigmund
  1588 | D:3      | Found Tath's Jewellery Emporium.
  1723 | D:2      | Reached skill level 1 in Dodging
  1738 | D:2      | Reached skill level 5 in Armour
  1738 | D:2      | Reached XP level 6. HP: 52/53 MP: 5/5
  2161 | D:2      | Found a runed translucent door.
  2162 | D:2      | Noticed Crazy Yiuf
  2201 | D:2      | Found Dakhunk's Jewellery Shoppe.
  2229 | D:2      | Found Bupint's Distillery.
  2235 | D:2      | Found Roaviyz's Book Shop.
  2623 | D:1      | Bought a potion of mutation for 88 gold pieces
  2852 | D:3      | Reached skill level 6 in Long Blades
  3439 | D:5      | Entered Level 5 of the Dungeon
  3460 | D:5      | Noticed Pikel
  3477 | D:5      | Slain by Pikel

Illustrated notes

Levels and vault maps discovered:
D:1:      amcnicky_arrival_underground_garden, layout_basic, serial_shops, shop
D:2:      layout_loops_cross, serial_shops, nicolae_shop_tiny_real_fake_doors,
          shop, nicolae_shop_overgrown_old_shop, shop, uniq_crazy_yiuf_cottage
D:3:      layout_loops_ring, serial_shops, nicolae_shop_gaudy_bauble,
          minmay_misc_feat_secret_circle, grunt_decor_clamped,
          kennysheep_generic_room_3
D:4:      minmay_inner_zag, layout_cave_pods, kennysheep_generic_room_15,
          uniq_grinder, uniq_edmund, uniq_duvessa, uniq_natasha, uniq_sigmund
D:5:      layout_basic, uniq_pikel

Skill      XL: |  1  2  3  4  5  6 |
---------------+-------------------+-----
Armour         | 4 5 |  5.7
Shields        | 4 |  4.6
Long Blades    | 3 5 6 |  6.4
Fighting       | 4 |  4.5
Dodging        | 1 |  1.0
Stealth        | |  0.3

Action                     |  1- 3 |  4- 6 || total
---------------------------+-------+-------++-------
  Melee: Long sword        |    75 |   114 ||   189
         Headbutt          |    11 |    17 ||    28
  Evoke: Wand              |       |     6 ||     6
    Use: Potion            |     1 |     1 ||     2
 Armour: Scale mail        |    69 |    81 ||   150
  Dodge: Dodged            |    30 |    47 ||    77
  Block: Buckler           |    15 |    24 ||    39
